 Dungeon Crawl Stone Soup version 0.31-a0-664-g902f515a81 (webtiles) character file.

Game seed: 8622493517696502600

110 Xavori the Sneak (level 4, -1/27 HPs)
             Began as an Octopode Chaos Knight on Sept 3, 2023.
             Was a Plaything of Xom.
             Slain by a goblin
             ... wielding a +0 club
              (2 damage)
             ... on level 2 of the Dungeon.
             The game lasted 00:01:55 (10042 turns).

Xavori the Sneak (Octopode Chaos Knight)           Turns: 10042, Time: 00:01:56

Health: -1/27      AC:  1    Str: 11    XL:     4   Next: 91%
Magic:  4/4        EV: 13    Int: 14    God:    Xom [..*...]
Gold:   121        SH:  0    Dex: 11    Spells: 3/3 levels left

rFire   . . .        a - +0 short sword (chaos)
rCold   x . .        (no shield)
rNeg    + . .        (helmet restricted)
rPois   .            (no amulet)
rElec   .            k - ring of positive energy
rCorr   .            (no ring)
SInv    .            (no ring)
Will    .....        (no ring)
Stlth   +++          (no ring)
HPRegen 0.24/turn    (no ring)
MPRegen 0.09/turn    (no ring)
                     (no ring)

%: random rage (9%)
@: no status effects
A: almost no armour, amphibious, 8 rings, camouflage 1, gelatinous body 1,
(nimble swimmer 1), tentacles, tentacle spike 1, berserk 2, clumsy 1, frail 1,
screaming 1, wild magic 1, no potion heal 1, cold vulnerability 1, inability to
read after injury 1, MP-powered wands
a: Renounce Religion


You were on level 2 of the Dungeon.
You worshipped Xom.
You were a toy of Xom.
You visited 1 branch of the dungeon, and saw 2 of its levels.

You collected 121 gold pieces.

Inventory:

Hand Weapons
 a - a +0 short sword of chaos (weapon)
Jewellery
 k - a ring of positive energy (left tentacle)
Scrolls
 b - a scroll of butterflies
 d - a scroll of revelation {unknown}
 e - 2 scrolls of teleportation {unknown}
 g - 2 scrolls of identify {unknown}
 i - a scroll of blinking {unknown}
Potions
 c - a potion of berserk rage {unknown}
 f - 2 potions of curing {unknown}
 h - a potion of degeneration {unknown}
 j - a potion of might {unknown}
 l - a potion of enlightenment {unknown}


   Skills:
 + Level 3.5 Fighting
 + Level 3.8 Short Blades
 + Level 2.8 Dodging
 + Level 3.9 Stealth


You had 3 spell levels left.
You didn't know any spells.
Your spell library was empty.

Dungeon Overview and Level Annotations

Branches:
Dungeon (2/15)

Altars:


Innate Abilities, Weirdness & Mutations

You cannot wear most types of armour.
You are amphibious.
You can wear up to eight rings at the same time.
Your skin changes colour to match your surroundings (Stealth+).
Your rubbery body absorbs attacks. (AC +1, EV +1)
((You are camouflaged when in or above water. (Stealth+)))
You have tentacles for arms and can constrict up to eight enemies at once.
One of your tentacles bears a spike.
You have an uncontrollable temper.
You are clumsy. (Dex -2)
You are frail. (-10% HP)
You occasionally shout uncontrollably at your foes.
Your spells are a little harder to cast, but a little more powerful.
Potions are less effective at restoring your health.
You are vulnerable to cold. (rC-)
You occasionally lose the ability to read scrolls when taking damage.
You expend magic power (3 MP) to strengthen your wands.


Message History

The goblin barely misses you. x2
You hit the goblin. You freeze the goblin.
You kill the goblin!
The goblin hits you with a +0 club. The goblin closely misses you. x2
The goblin hits you with a +0 club.
You barely miss the hobgoblin. Your grab misses the hobgoblin.
Unknown command.
You hit the hobgoblin but do no damage.
Lightning courses through the hobgoblin!
You kill the hobgoblin!
The goblin hits you with a +0 club. The goblin closely misses you.
The goblin barely misses you. The goblin closely misses you.
Unknown command.
You barely miss the goblin. You grab the goblin. You constrict the goblin.
The goblin closely misses you. The goblin hits you with a +0 club.
The goblin misses you. The goblin hits you with a +0 club.
Unknown command.
You are too injured to fight recklessly!
Unknown command.
You are too injured to fight recklessly!
Unknown command.
You are too injured to fight recklessly!
You hit the goblin. You freeze the goblin.
You pierce the goblin.
You kill the goblin!
The goblin misses you. The goblin barely misses you.
The goblin hits you with a +0 club.
* * * LOW HITPOINT WARNING * * *
You barely miss the goblin. Your grab misses the goblin.
Your squeeze misses the goblin. The goblin hits you with a +0 club.
* * * LOW HITPOINT WARNING * * *
The goblin hits you with a +0 club.
* * * LOW HITPOINT WARNING * * *
The goblin barely misses you.
You closely miss the goblin. Your grab misses the goblin.
Unknown command.
You barely miss the goblin. Your grab misses the goblin.
Your tentacle spike misses the goblin.
The goblin hits you with a +0 club.
* * * LOW HITPOINT WARNING * * *
The goblin barely misses you. The goblin hits you with a +0 club.
You die...

.#..........##.......## #........
.#..........####......####.......
#.######+### #.##..##<#....... ..
#.##..##.#.......
########........#...(...
.8.8.8.8....)#..#.......
.........(##.##.'.......
).....)g..##....#.......
......)@........+..>....
[.....gg..##..#.#.......
..........##..P..#.#####
.8.8.8.8..##.P.....#
########..##P♣P_.P## ##.##.♣PP♣.#
#.##..♣♣P.# ...... .##


You could see 3 goblins.

Vanquished Creatures
  Terence (D:2)
  2 adders (D:2)
  3 worms (D:2)
  2 dart slugs (D:2)
  5 ball pythons
  3 endoplasms (D:1)
  A giant cockroach (D:2)
  11 goblins
  7 hobgoblins
  3 quokkas (D:2)
  6 bats
  4 frilled lizards
  4 kobolds
  4 rats
56 creatures vanquished.

Notes
Turn   | Place    | Note
-------+----------+-------------------------------------------
     0 | D:1      | Xavori the Octopode Chaos Knight began the quest for the
                  | Orb.
     0 | D:1      | Reached XP level 1. HP: 16/16 MP: 1/1
    51 | D:1      | Reached XP level 2. HP: 21/21 MP: 2/2
   198 | D:1      | XOM: silly message
   289 | D:1      | Reached skill level 1 in Stealth
   402 | D:1      | Reached XP level 3. HP: 26/26 MP: 3/3
   485 | D:1      | XOM: silly message
   646 | D:1      | XOM: silly message
  1632 | D:1      | XOM: stat loss: -1 Dex (12/13)
  1964 | D:1      | XOM: summons 4 hostile shadow creatures
  2130 | D:2      | XOM: give mutation
  2130 | D:2      | Gained mutation: You are frail. (-10% HP) [Xom's mischief]
  2256 | D:1      | XOM: torment (13/23 hp)
  2390 | D:1      | XOM: torment (13/23 hp)
  2497 | D:1      | XOM: god gift: morningstar {god gift}
  2659 | D:1      | XOM is BORED!
  2659 | D:1      | XOM: noise
  2983 | D:1      | XOM: silly message
  3345 | D:1      | XOM: silly message
  3832 | D:1      | XOM: divination: magic mapping
  4036 | D:1      | XOM: 3-stop teleportation journey
  4448 | D:1      | XOM is BORED!
  4448 | D:1      | XOM: noise
  4837 | D:1      | XOM: god gift: scroll labelled KUGONUKOST {god gift}
  5413 | D:1      | XOM is BORED!
  5687 | D:1      | XOM: give mutations
  5687 | D:1      | Gained mutation: You expend magic power (3 MP) to
                  | strengthen your wands. [Xom's mischief]
  5687 | D:1      | Gained mutation: You sometimes lose your temper in combat.
                  | [Xom's mischief]
  5687 | D:1      | Gained mutation: You have an uncontrollable temper. [Xom's
                  | mischief]
  5687 | D:1      | Gained mutation: You are vulnerable to cold. (rC-) [Xom's
                  | mischief]
  6529 | D:1      | XOM: summons 2 hostile demons
  6530 | D:1      | Noticed an orange demon
  6530 | D:1      | Noticed a chaos spawn
  7016 | D:1      | XOM: stat loss: -1 Int (13/14)
  7135 | D:1      | XOM: summons 1 hostile demon
  7386 | D:1      | XOM: give mutations
  7386 | D:1      | Gained mutation: You occasionally lose the ability to read
                  | scrolls when taking damage. [Xom's mischief]
  7386 | D:1      | Gained mutation: You are clumsy. (Dex -2) [Xom's mischief]
  7386 | D:1      | Gained mutation: You occasionally shout uncontrollably at
                  | your foes. [Xom's mischief]
  7386 | D:1      | Gained mutation: You are strong-willed. (Will+) [Xom's
                  | mischief]
  7742 | D:1      | XOM: summons 2 hostile demons
  7773 | D:2      | XOM: torment (13/23 hp)
  8071 | D:1      | XOM: give mutation
  8071 | D:1      | Gained mutation: Potions are less effective at restoring
                  | your health. [Xom's mischief]
  8206 | D:1      | XOM: silly message
  8332 | D:1      | XOM is BORED!
  8332 | D:1      | XOM: give mutations
  8332 | D:1      | Lost mutation: You are strong-willed. (Will+) [Xom's
                  | mischief]
  8332 | D:1      | Gained mutation: One of your tentacles bears a spike.
                  | [Xom's mischief]
  8332 | D:1      | Gained mutation: Your spells are a little harder to cast,
                  | but a little more powerful. [Xom's mischief]
  9675 | D:2      | Noticed Terence
  9685 | D:2      | Killed Terence
  9686 | D:2      | Reached XP level 4. HP: 16/27 MP: 4/4
  9845 | D:2      | XOM: silly message
  9921 | D:2      | XOM: silly message
 10019 | D:2      | Found a faded altar of an unknown god.
 10040 | D:2      | HP: 1/27 [goblin/+0 club (3)]
 10042 | D:2      | Slain by a goblin

Illustrated notes

Levels and vault maps discovered:
D:1:      scummos_arrival_forest, layout_basic, minmay_pentomino_w2
D:2:      kennysheep_the_goblin_king, layout_basic,
          ebering_ecumenical_altar_petrified, uniq_terence

Skill      XL: |  1  2  3 |
---------------+----------+-----
Stealth        | 1 3 |  3.9
Fighting       | |  3.5
Short Blades   | |  3.8
Dodging        | |  2.8

Action                     |  1- 3 |  4- 6 || total
---------------------------+-------+-------++-------
  Melee: Short sword       |    69 |    31 ||   100
         Constrict         |    13 |     8 ||    21
         Tentacles         |     8 |     2 ||    10
         Kick              |    11 |     8 ||    19
         Punch             |       |     1 ||     1
    Use: Scroll            |     1 |       ||     1
   Stab: Sleeping          |    10 |     4 ||    14
         Paralysed         |     1 |       ||     1
         Distracted        |       |     1 ||     1
 Armour: Skin              |    24 |    19 ||    43
  Dodge: Dodged            |    29 |    20 ||    49

Table legend: (Time is in decaauts)
 A = Elapsed time spent in this place.
 B = Non-inter-level travel time spent in this place.
 C = Inter-level travel time spent in this place.
 D = Time resting spent in this place.
 E = Time spent auto-exploring this place.
 F = Levels seen in this place.
 G = Mean time per level.
                   A        B        C        D        E       F      G
               +--------+--------+--------+--------+--------+-----+--------+
         Total |  10076 |  10037 |     39 |   8752 |    931 |   2 | 5038.0 |
       Dungeon |  10076 |  10037 |     39 |   8752 |    931 |   2 | 5038.0 |
               +--------+--------+--------+--------+--------+-----+--------+

Top non-repeatable levels by time:
     D:1: 8857 daAuts
     D:2: 1218 daAuts
